AoeStats
← Ken

Arena

510316676Analyzed
4v4 RM · 11h ago on Sep 30, 2026· 39m 2s· 8 players
Game mode
Random Map
Map size
Large (8 player)
Population
200
Speed
Normal
Resources
Standard
Victory
Conquest
Starting age
Dark Age
Ending age
Imperial Age
RankedLock teamsTeams togetherTeam positionsShared explorationLock speedFull tech treeHidden civsTurbo modeCheats
Victory
Defeat
🇬🇧 Persians · United Kingdom
1061
+14
🇨🇳 Spanish · China
1048
+14
🇹🇼 Saracens · Taiwan
996
+17
🇨🇳 Franks · China
963
+18
🇨🇳 Poles · China
1111
-20
🇦🇷 Inca · Argentina
1019
-16
🇯🇵 Franks · Japan
982
-15
🇨🇳 Celts · China
928
-12
Kryztox9122
9:50 Feudal Age
8:08 Loom
9:53 Feudal Age
16:30 Castle Age
14:59 Stone Mining
14:58 Double-Bit Axe
18:20 Stone Shaft Mining
32:30 Imperial Age
30:18 Horse Collar
30:49 Bow Saw
30:37 Gold Mining
31:09 Heavy Plow
31:26 Treadmill Crane
31:47 Pikeman
32:12 Arson
32:28 Squires
32:15 Elite Skirmisher
33:02 Thumb Ring
34:58 Fletching
35:08 Padded Archer Armor
店長
3:35 Loom
10:45 Feudal Age
18:19 Castle Age
17:00 Scale Barding Armor
18:00 Forging
19:24 Wheelbarrow
18:25 Light Cavalry
19:19 Double-Bit Axe
20:19 Husbandry
25:37 Hand Cart
26:26 Bow Saw
33:27 Imperial Age
30:52 Gold Mining
30:52 Stone Mining
30:56 Town Watch
32:15 Gold Shaft Mining
32:47 Ballistics
33:57 Chain Barding Armor
34:13 Iron Casting
33:29 Fletching
33:39 Padded Archer Armor
35:21 Plate Barding Armor
34:24 Elite Skirmisher
34:45 Cavalier
夜鹰Hawk
10:29 Feudal Age
14:14 Castle Age
12:21 Double-Bit Axe
13:29 Horse Collar
16:19 Bow Saw
19:27 Heavy Plow
20:19 Stone Mining
20:49 Bloodlines
21:27 Loom
22:58 Scale Barding Armor
22:58 Husbandry
24:10 Wheelbarrow
25:01 Chain Barding Armor
25:50 Forging
27:18 Szlachta Privileges
28:59 Hand Cart
29:56 Iron Casting
32:21 Imperial Age
30:02 Gold Mining
30:48 Stone Shaft Mining
30:44 Scale Mail Armor
31:31 Fervor
32:40 Coinage
32:47 Sanctity
32:49 Fletching
33:33 Crop Rotation
34:06 Blast Furnace
33:14 Siege Engineers
33:52 Theocracy
32:47 Light Cavalry
32:48 Cavalier
34:20 Conscription
36:25 Chemistry
35:51 Ballistics
38:15 Winged Hussar
XIXXIXXI
11:15 Feudal Age
12:39 Wheelbarrow
13:40 Loom
17:13 Castle Age
16:20 Double-Bit Axe
16:17 Horse Collar
16:34 Gold Mining
16:36 Stone Mining
22:08 Fletching
24:08 Gold Shaft Mining
24:09 Stone Shaft Mining
28:12 Heavy Plow
30:55 Bodkin Arrow
33:54 Fortified Wall
33:40 Murder Holes
40:21 Imperial Age
38:09 Hand Cart
39:20 Sanctity
egemenbeder
10:23 Feudal Age
14:01 Castle Age
13:28 Double-Bit Axe
13:27 Horse Collar
21:05 Heavy Plow
22:18 Bow Saw
23:03 Gold Mining
23:10 Stone Mining
25:03 Wheelbarrow
24:13 Loom
26:27 Hand Cart
30:48 Imperial Age
28:35 Husbandry
28:45 Bloodlines
28:42 Scale Barding Armor
28:48 Forging
30:49 Elite War Elephant
31:50 Conscription
31:52 Chain Barding Armor
32:07 Iron Casting
32:40 Gold Shaft Mining
32:40 Stone Shaft Mining
34:05 Plate Barding Armor
35:17 Blast Furnace
36:31 Devotion
37:38 Faith
38:14 Scale Mail Armor
37:36 Pikeman
38:16 Squires
38:01 Gambesons
39:34 Chain Mail Armor
38:41 Halberdier
39:07 Arson
小皇
8:33 Loom
10:33 Feudal Age
15:33 Castle Age
15:02 Double-Bit Axe
18:09 Wheelbarrow
20:22 Horse Collar
20:35 Gold Mining
22:00 Heavy Plow
26:14 Forging
26:10 Scale Barding Armor
27:59 Bimaristan
30:34 Imperial Age
29:14 Gold Shaft Mining
29:35 Chain Barding Armor
30:19 Bow Saw
32:42 Plate Barding Armor
32:47 Hand Cart
33:21 Husbandry
33:34 Bloodlines
33:14 Elite Mameluke
Ken
12:09 Feudal Age
16:13 Castle Age
14:21 Double-Bit Axe
17:34 Bow Saw
18:35 Loom
22:38 Wheelbarrow
30:32 Imperial Age
28:28 Treadmill Crane
28:55 Gold Mining
28:56 Stone Mining
30:07 Scale Barding Armor
30:13 Forging
30:05 Husbandry
31:10 Chain Barding Armor
30:44 Cavalier
32:13 Paladin
33:29 Murder Holes
33:56 Ballistics
34:11 Conscription
34:33 Gold Shaft Mining
36:36 Plate Barding Armor
37:19 Iron Casting
37:46 Chemistry
36:51 Chivalry
36:56 Scale Mail Armor
36:56 Padded Archer Armor
36:46 Fletching
一顿猛干
11:27 Feudal Age
11:29 Loom
11:57 Loom
16:24 Castle Age
15:01 Wheelbarrow
14:46 Double-Bit Axe
14:52 Horse Collar
17:45 Fletching
24:43 Hand Cart
25:38 Bow Saw
25:33 Heavy Plow
30:03 Hand Cart
29:34 Town Watch
30:51 Forging
30:47 Scale Barding Armor
30:38 Bodkin Arrow
31:21 Gold Mining
31:21 Stone Mining
33:10 Gambesons
33:26 Squires
33:11 Arson
32:48 Pikeman
34:22 Ballistics
33:59 Murder Holes
34:16 Fortified Wall
37:48 Imperial Age
35:30 Town Patrol
36:13 Light Cavalry
37:04 Bloodlines
36:54 Husbandry
37:57 Cavalier
37:58 Hussar
40:18 Chemistry
39:03 Arrowslits
Connection lost

Rejoining the realm…

Still unreachable

The connection could not be restored.

Session expired

The server has moved on; the page needs a fresh start.